 Dungeon Crawl Stone Soup version 0.32-a0-560-g4c7f4391e0 (webtiles) character file.

Game seed: 14198573134111225846

952 Implojin the Slasher (level 8, -7/84 HPs)
             Began as a Coglin Brigand on Feb 29, 2024.
             Was a Believer of Okawaru.
             Killed from afar by a gnoll (18 damage)
             ... with a bolt of dispelling energy
             ... on level 3 of the Dungeon.
             The game lasted 00:15:18 (4788 turns).

Implojin the Slasher (Coglin Brigand)               Turns: 4788, Time: 00:15:19

Health: -7/84      AC: 24    Str: 11    XL:     8   Next: 14%
Magic:  3/3        EV:  2    Int: 11    God:    Okawaru [**....]
Gold:   38         SH:  0    Dex: 13    Spells: 7/7 levels left

rFire   . . .        q - +0 long sword {Guillermo}
rCold   . . .        t - +6 long sword of Quntah {antimagic, rElec rPois rCorr Dex-5}
rNeg    . . .        D - melded +0 toga "Victory" {*Victory Clar}
rPois   +            B - melded +1 helmet
rElec   +            c - melded +0 cloak
rCorr   +            n - melded +2 pair of gloves
SInv    .            m - melded +1 pair of boots
Will    .....        (no amulet)
Stlth   ++           (no ring)
HPRegen 0.34/turn    (no ring)
MPRegen 0.08/turn    (no gizmo)

%: no passive effects
@: tree-form (expiring), revving
A: stationary, stasis, torment immunity, boosted hp, off-hand wielding, slow
wielding, warmup strikes, (no jewelry)
a: Invent Gizmo, Renounce Religion, Heroism


You were on level 3 of the Dungeon.
You worshipped Okawaru.
Okawaru was pleased with you.
You were a tree.
You visited 1 branch of the dungeon, and saw 5 of its levels.

You collected 182 gold pieces.
You spent 144 gold pieces at shops.

Inventory:

Hand Weapons
 a - a +2 dagger {Mizue}
 j - a +0 rapier
 q - a +0 long sword (weapon) {Guillermo}
 t - the +6 long sword of Quntah (offhand) {antimagic, rElec rPois rCorr Dex-5}
   (You found it on level 2 of the Dungeon)

   Dex-5:     It affects your dexterity (-5).
   rElec:     It insulates you from electricity.
   rPois:     It protects you from poison rCorr: It protects you from acid and
   corrosion.
 w - the +6 dagger "Ygaalif" {pain, ^Contam +Blink rElec rN++ Dex-3}
   (You found it on level 5 of the Dungeon)

   Dex-3:     It affects your dexterity (-3).
   rElec:     It insulates you from electricity.
   rN++:      It greatly protects you from negative energy.
   +Blink:    It lets you blink.
   ^Contam:   It causes magical contamination when unequipped.
Missiles
 d - 13 poisoned darts (quivered)
 e - 3 curare-tipped darts
 h - 66 stones
 v - 2 silver javelins
 F - 2 boomerangs
Armour
 c - a +0 cloak (melded)
 m - a +1 pair of boots (melded)
 n - a +2 pair of gloves (melded)
 B - a +1 helmet (melded)
 D - the +0 toga "Victory" (melded) {*Victory Clar}
   (You found it on level 4 of the Dungeon)

   *Victory:  When the wearer kills a threatening monster, it has a chance to
   gain +1 AC, +1 Slay, and +1 Int, capping at +7.
   When the wearer uses a scroll or a potion with a hostile monster in sight,
   its bonuses reset to +0.
   Unequipping it also resets its bonuses to +0.
   Clar:      It protects you from confusion, rage, mesmerisation and fear.
Talismans
 i - a beast talisman
Wands
 G - a wand of flame (7)
Scrolls
 f - 2 scrolls of noise
 g - a scroll of enchant weapon {unknown}
 k - a scroll of teleportation {unknown}
 x - a scroll of silence {unknown}
 y - a scroll of immolation
 A - a scroll of blinking {unknown}
 C - a scroll of vulnerability {unknown}
 E - a scroll of poison {unknown}
Potions
 b - 2 potions of brilliance
 r - 3 potions of might
 z - a potion of magic


   Skills:
 - Level 2.0 Fighting
 - Level 3.1(5.4) Short Blades
 - Level 7.6(8.0) Long Blades
 - Level 2.2 Axes
 - Level 1.7 Throwing
 - Level 0.8 Dodging
 - Level 3.2 Stealth
 * Level 2.0 Invocations


You had 7 spell levels left.
You didn't know any spells.
Your spell library contained the following spells:

 Spells                   Type           Power      Damage    Failure   Level
 Static Discharge         Conj/Air       0%         3-3/arc   47%         2
 Airstrike                Air            0%         2d(0-16)  98%         4
 Summon Lightning Spire   Summ/Air       Unusable   N/A       N/A         4

Dungeon Overview and Level Annotations

Branches:
Dungeon (5/15)             Temple (0/1) D:5

Altars:
Dithmenos
Fedhas
Gozag
Nemelex Xobeh
Okawaru
Xom
Zin

Shops:
D:3 *=   D:4 :

Annotations:
D:3 1 transporter


Innate Abilities, Weirdness & Mutations

You are a tree.
Your roots penetrate the ground, keeping you stationary.
You cannot be teleported.
You are immune to unholy pain and torment.
Your maximum health is greatly increased.
Your equipment is partially melded.
You can wield a second weapon in your off-hand.
It takes a long time for you to wield or remove held weapons.
Your first few attacks do less damage.
((You cannot equip rings or amulets.))


Message History

Press: ? - help, v - describe, . - travel
Here: a gnoll, wielding a +2 halberd of electrocution The floor.
You feel sick.
The gnoll hits you with a +1 vampiric spear.
Danger: gnoll |T3| Reason: Quivering throwing nets, watch out!
Danger: Low HP Warning |T3| Reason: 16% HP (9/56)
You feel sick.
The gnoll throws a throwing net.
The throwing net closely misses you.
Danger: Low HP Warning |T3| Reason: 14% HP (8/56)
Press: ? - help, v - describe, . - travel
Here: a gnoll, wielding a +1 vampiric spear The floor.
Really quaff with monsters nearby while wearing the +1 toga "Victory"?
Okay, then.
Unknown command.
Really quaff with monsters nearby while wearing the +1 toga "Victory"?
It was a potion of magic.
Magic courses through your body.
The +0 toga "Victory" stops glowing.
You feel sick. The gnoll barely misses you. The gnoll closely misses you.
Danger: Low HP Warning |T3| Reason: 12% HP (7/56) It was a potion of lignification.
You turn into a tree.
Your +0 cloak melds into your body.
Your +1 helmet melds into your body.
Your +2 pair of gloves melds into your body.
Your +1 pair of boots melds into your body.
The +0 toga "Victory" {*Victory Clar} melds into your body.
Your roots penetrate the ground.
You feel like a meek peon again.
You feel sick.
You are no longer poisoned.
The gnoll barely misses you. The gnoll hits you but does no damage.
Aiming: Throw Flame
Press: ? - help, Shift-Dir - straight line, f - gnoll
Aim: a gnoll, wielding a +0 spear and carrying a wand of quicksilver (72% to hit)
The puff of flame hits the gnoll.
The gnoll is moderately wounded.
The gnoll zaps a wand.
The bolt of dispelling energy hits you!!
Your magical effects are unravelling.
You die...

###### ################..
#....########.................
#.............................
#..≈≈≈≈≈≈≈≈≈≈≈...≈≈≈≈≈≈≈≈≈≈≈..
#..≈≈≈≈≈≈≈≈≈≈≈...≈≈≈≈≈≈≈≈≈≈≈..
#..≈≈#####...........#####≈≈..
#..≈≈#.#.#.###.©.###.#g#.#≈≈..
#..≈≈#...###.#####.###...#≈≈..
#..≈≈###(....♣.g.......###≈≈..
#..≈≈.ß#g######g###'##.#ß.≈≈..
#..≈≈.##.#$.!#ß(.#...#.##.≈≈..
#..~~.#..'..:#⌠©.....'..#.~~..
#..≈≈.##.#...#ß..#...#.##.≈≈..
#..≈≈.ß#.######'###'##.#ß.≈≈..
#..≈≈###...............###≈≈..
#..≈≈#...###.#####©###...#≈≈..
#..≈≈#.#.#.###.©.###.#g#.#≈≈..


You could see 3 gnolls.

Vanquished Creatures
  Eustachio (D:3)
  A centaur (D:5)
  3 scorpions
  2 bombardier beetles
  The ghost of TheSexyCheese the Firebug, a weakling GrFE (D:3)
  2 hounds
  2 jellies (D:5)
  A gnoll bouda (D:4)
  2 iguanas (D:5)
  7 gnolls
  8 adders
  2 ufetubi (D:5)
  A ribbon worm (D:4)
  4 dart slugs
  11 orcs
  8 endoplasms
  A giant cockroach (D:4)
  3 hobgoblins
  5 jackals
  4 quokkas
  8 ball pythons
  8 bats
  6 frilled lizards
  6 goblins
  4 kobolds
  5 rats
106 creatures vanquished.

Vanquished Creatures (others)
  5 foxfires (D:3)
5 creatures vanquished.

Grand Total: 111 creatures vanquished

Notes
Turn   | Place    | Note
-------+----------+-------------------------------------------
     0 | D:1      | Implojin the Coglin Brigand began the quest for the Orb.
     0 | D:1      | Reached XP level 1. HP: 16/16 MP: 1/1
   221 | D:1      | Reached XP level 2. HP: 22/22 MP: 2/2
   494 | D:1      | Found a faded altar of an unknown god.
   576 | D:1      | Reached XP level 3. HP: 27/27 MP: 3/3
   610 | D:1      | Prayed at the altar of an unknown god.
   610 | D:1      | Became a worshipper of Warmaster Okawaru
   610 | D:1      | Reached * piety under Okawaru
  1353 | D:2      | Reached skill level 1 in Axes
  1462 | D:2      | Found a shimmering altar of Xom.
  1471 | D:2      | Identified the +6 long sword of Quntah {antimagic, rElec
                  | rPois rCorr Dex-5}
  1625 | D:3      | Reached XP level 4. HP: 33/33 MP: 1/4
  1648 | D:3      | Found Fimmeoc's Assorted Antiques.
  1659 | D:3      | Reached skill level 1 in Long Blades
  1685 | D:3      | Bought a scroll labelled QIUGHIUHEO for 18 gold pieces
  1685 | D:3      | Bought a scroll labelled KYCUALL GYBLAK for 18 gold pieces
  1685 | D:3      | Bought a scroll labelled POPUEWINTU for 18 gold pieces
  1780 | D:3      | Reached skill level 2 in Long Blades
  1780 | D:3      | Reached XP level 5. HP: 38/38 MP: 1/5
  1877 | D:3      | Found Dobey's Jewellery Emporium.
  2135 | D:3      | Found a transporter.
  2263 | D:3      | Found a transporter.
  2276 | D:3      | Noticed TheSexyCheese's ghost (weakling GrFE)
  2464 | D:4      | Reached skill level 3 in Long Blades
  2503 | D:4      | Noticed Eustachio
  2534 | D:3      | Killed Eustachio
  2535 | D:3      | Reached skill level 4 in Long Blades
  2535 | D:3      | Reached XP level 6. HP: 41/44 MP: 2/6
  2642 | D:4      | Reached skill level 5 in Long Blades
  2789 | D:4      | Reached XP level 7. HP: 48/50 MP: 2/7
  2792 | D:4      | Reached ** piety under Okawaru
  2867 | D:4      | Reached skill level 6 in Long Blades
  2994 | D:4      | Found Abu Gimu's Book Emporium.
  3370 | D:4      | Found the +0 toga "Victory" {*Victory Clar}
  3763 | D:4      | Found an opulent altar of Gozag.
  3763 | D:4      | Found a shadowy altar of Dithmenos.
  3763 | D:4      | Found a sparkling altar of Nemelex Xobeh.
  3763 | D:4      | Found a blossoming altar of Fedhas.
  3773 | D:4      | Found a glowing silver altar of Zin.
  3773 | D:4      | Found an iron altar of Okawaru.
  3892 | D:5      | Entered Level 5 of the Dungeon
  3943 | D:5      | Found a staircase to the Ecumenical Temple.
  3945 | D:5      | Identified the +6 dagger "Ygaalif" {pain, ^Contam +Blink
                  | rElec rN++ Dex-3}
  4108 | D:5      | Reached skill level 7 in Long Blades
  4404 | D:5      | Reached XP level 8. HP: 47/56 MP: 2/8
  4406 | D:5      | Reached skill level 1 in Invocations
  4703 | D:3      | Bought a scroll labelled ZEPPIG WACADEB for 18 gold pieces
  4703 | D:3      | Bought an iron wand for 72 gold pieces
  4781 | D:3      | Killed TheSexyCheese's ghost
  4788 | D:3      | Killed from afar by a gnoll

Illustrated notes

Levels and vault maps discovered:
D:1:      ncdulo_watergridlock, layout_loops_ring,
          hellmonk_ecumenical_altar_run_dry
D:2:      layout_basic, basic_altar, minmay_vboxes
D:3:      layout_loops_cross, gammafunk_ghost_gnarly_gnolls, serial_shops, shop,
          nicolae_shop_gaudy_bauble, kennysheep_doodads,
          minmay_misc_feat_pillars
D:4:      cheibrodos_quashed, layout_basic, minmay_overflow_temple_hex,
          serial_shops, nicolae_book_shop_shelving, serial_bayou_pond_c,
          uniq_eustachio
D:5:      layout_loops_ring, minmay_temple_entry_waves

Skill      XL: |  1  2  3  4  5  6  7  8 |
---------------+-------------------------+-----
Short Blades   | 2 3 |  3.1
Axes           | 2 |  2.2
Long Blades    | 2 4 5 7 |  7.6
Invocations    | 2 |  2.0
Fighting       | |  2.0
Throwing       | |  1.7
Dodging        | |  0.8
Stealth        | |  3.2

Action                     |  1- 3 |  4- 6 |  7- 9 || total
---------------------------+-------+-------+-------++-------
  Melee: Dagger            |    95 |    57 |    39 ||   191
         Unarmed           |    11 |       |       ||    11
         Short sword       |    32 |       |       ||    32
         Long sword        |     5 |    67 |    65 ||   137
  Throw: Dart              |     2 |    25 |     2 ||    29
 Invoke: Heroism           |       |       |     2 ||     2
  Evoke: Wand              |       |       |     1 ||     1
    Use: Scroll            |       |     6 |     3 ||     9
         Potion            |       |       |     2 ||     2
   Stab: Sleeping          |    10 |     3 |     4 ||    17
 Armour: Leather armour    |    54 |    10 |       ||    64
         Robe              |     2 |       |    34 ||    36
         Ring mail         |       |    32 |     6 ||    38
         Skin              |       |       |     2 ||     2
  Dodge: Dodged            |    45 |    26 |    38 ||   109
         Form:             |     1 |       |       ||     1
         Beast             |     1 |       |       ||     1

Table legend: (Time is in decaauts)
 A = Elapsed time spent in this place.
 B = Non-inter-level travel time spent in this place.
 C = Inter-level travel time spent in this place.
 D = Time resting spent in this place.
 E = Time spent auto-exploring this place.
 F = Levels seen in this place.
 G = Mean time per level.
                   A        B        C        D        E       F      G
               +--------+--------+--------+--------+--------+-----+--------+
         Total |   4774 |   4293 |    481 |      0 |   3076 |   5 |  954.8 |
       Dungeon |   4774 |   4293 |    481 |      0 |   3076 |   5 |  954.8 |
               +--------+--------+--------+--------+--------+-----+--------+

Top non-repeatable levels by time:
     D:4: 1464 daAuts
     D:3: 979 daAuts
     D:1: 875 daAuts
     D:5: 738 daAuts
     D:2: 716 daAuts
